 Dungeon Crawl Stone Soup version 0.30-a0-996-ga6910c8ee8 (webtiles) character file.

Game seed: 6367811217257208613

31 cforsyth the Shield-Bearer (level 3, -7/30 HPs)
             Began as a Formicid Fighter on Apr 4, 2023.
             Mangled by Terence
             ... wielding a +0 mace
              (12 damage)
             ... on level 2 of the Dungeon.
             The game lasted 00:01:33 (770 turns).

cforsyth the Shield-Bearer (Formicid Fighter)        Turns: 770, Time: 00:01:34

Health: -7/30      AC:  6    Str: 22    XL:     3   Next: 40%
Magic:  3/3        EV:  9    Int:  7    God:
Gold:   20         SH:  5    Dex: 13    Spells: 2/2 levels left

rFire   . . .      SeeInvis +    a - +0 flail
rCold   . . .      Faith    .    c - +0 buckler
rNeg    . . .      Spirit   .    b - +0 scale mail
rPois   .          Reflect  .    (helmet unavailable)
rElec   .          Rampage  .    (no cloak)
rCorr   .                        (no gloves)
Will    .....                    (no boots) Stlth
                                 (no amulet)
HPRegen 0.25/turn                (no ring)
MPRegen 0.08/turn                (no ring)

@: mighty
A: permanent stasis, dig shafts and tunnels, antennae 3, four strong arms
a: Dig, Shaft Self


You were on level 2 of the Dungeon.
You visited 1 branch of the dungeon, and saw 2 of its levels.

You collected 20 gold pieces.

Inventory:

Hand Weapons
 a - a +0 flail (weapon)
Missiles
 j - a throwing net
Armour
 b - a +0 scale mail (worn)
 c - a +0 buckler (worn)
Scrolls
 k - a scroll of teleportation {unknown}
Potions
 e - a potion of lignification {unknown}
 f - 2 potions of brilliance {unknown}
 g - a potion of degeneration {unknown}
 h - a potion of berserk rage {unknown}
 i - a potion of magic {unknown}
 l - a potion of resistance {unknown}
 m - a potion of attraction {unknown}
 n - a potion of heal wounds {unknown}


   Skills:
 + Level 3.8 Fighting
 * Level 3.1 Maces & Flails
 - Level 3.3 Armour
 - Level 4.0 Shields


You had 2 spell levels left.
You didn't know any spells.
Your spell library was empty.

Dungeon Overview and Level Annotations

Branches:
Dungeon (2/15)

Altars:

Shops:
D:1 [

Annotations:
D:2 Terence


Innate Abilities, Weirdness & Mutations

You cannot be hasted, slowed, berserked, paralysed or teleported.
You can dig through walls and to a lower floor.
You have a pair of large antennae on your head. (SInv)
Your four strong arms can wield two-handed weapons with a shield.


Message History

You barely miss Terence. Terence hits you with a +0 mace!
Terence barely misses you.
You hit Terence.
Terence is lightly wounded.
Terence shouts, "DIE!!!"
Terence barely misses you.
You barely miss Terence.
Terence is lightly wounded.
Terence hits you with a +0 mace!
You are too injured to fight recklessly!
You are too injured to fight recklessly!
You are too injured to fight recklessly!
You are too injured to fight recklessly!
You are too injured to fight recklessly!
You are too injured to fight recklessly!
You are too injured to fight recklessly!
You are too injured to fight recklessly!
You are too injured to fight recklessly!
You barely miss Terence.
Terence is lightly wounded.
Terence hits you but does no damage.
You barely miss Terence.
Terence is lightly wounded.
You block Terence's attack. Terence closely misses you.
You feel very mighty all of a sudden. Terence hits you with a +0 mace.
You closely miss Terence.
Terence is lightly wounded.
Terence completely misses you.
You hit Terence but do no damage.
Terence is lightly wounded.
You block Terence's attack.
You hit Terence.
Terence is moderately wounded.
Terence hits you with a +0 mace.
* * * LOW HITPOINT WARNING * * *
You sock Terence!
Terence is severely wounded.
Terence hits you with a +0 mace!
You die...

###....#.............#
......##....#.####.).# #
......#.....#.# #...# .#
....###....+#.####...##.#
###.# #.................#
# #.## .....#####....##
###..# .#:..# #....#
.....## #....####...##
......+ #..@@.......#
...#### #...####...##
#.## ##.# #......> #.# ##
#.#.###. #.# #.#.# #<#
#.#.# #.# #.#[. #.# .#
#.#


You could see Terence (strong).

Vanquished Creatures
  An adder (D:2)
  2 goblins (D:1)
  2 hobgoblins (D:1)
  4 jackals (D:1)
  3 ball pythons (D:1)
  4 bats (D:1)
  3 frilled lizards (D:1)
  A kobold (D:1)
  2 rats
22 creatures vanquished.

Notes
Turn   | Place    | Note
-------+----------+-------------------------------------------
     0 | D:1      | cforsyth the Formicid Fighter began the quest for the Orb.
     0 | D:1      | Reached XP level 1. HP: 18/18 MP: 1/1
   180 | D:1      | Reached XP level 2. HP: 10/24 MP: 2/2
   497 | D:1      | Found Leinot's Antique Armour Shoppe.
   583 | D:1      | Reached XP level 3. HP: 30/30 MP: 3/3
   752 | D:2      | Noticed Terence
   770 | D:2      | Mangled by Terence

Illustrated notes

Levels and vault maps discovered:
D:1:      dpeg_arrival_rooms_c, layout_basic, serial_shops, shop
D:2:      layout_loops_corners, serial_shops, nicolae_shop_hallway_plus,
          hellmonk_ecumenical_altar_zigzags, minmay_misc_feat_cross,
          uniq_terence, uniq_robin

Skill      XL: |  1  2  3 |
---------------+----------+-----
Maces & Flails | 3 |  3.1
Fighting       | |  3.8
Armour         | |  3.3
Shields        | |  4.0

Action                     || total
---------------------------++-------
  Melee: Flail             ||    82
    Use: Potion            ||     1
 Armour: Scale mail        ||    46
  Dodge: Dodged            ||    57
  Block: Buckler           ||    21

Table legend: (Time is in decaauts)
 A = Elapsed time spent in this place.
 B = Non-inter-level travel time spent in this place.
 C = Inter-level travel time spent in this place.
 D = Time resting spent in this place.
 E = Time spent auto-exploring this place.
 F = Levels seen in this place.
 G = Mean time per level.
                   A        B        C        D        E       F      G
               +--------+--------+--------+--------+--------+-----+--------+
         Total |    794 |    782 |     12 |      0 |    590 |   2 |  397.0 |
       Dungeon |    794 |    782 |     12 |      0 |    590 |   2 |  397.0 |
               +--------+--------+--------+--------+--------+-----+--------+

Top non-repeatable levels by time:
     D:1: 697 daAuts
     D:2: 96 daAuts
